 Dungeon Crawl Stone Soup version 0.30.1-9-gdf580d7c3d (webtiles) character file.

Game seed: 1626522901304924104

195 lonewolfV2 the Shield-Bearer (level 6, -3/49 HPs)
             Began as a Formicid Fighter on Oct 22, 2023.
             Succumbed to a hornet's poison
             ... on level 2 of the Dungeon.
             The game lasted 00:02:01 (1105 turns).

lonewolfV2 the Shield-Bearer (Formicid Fighter)     Turns: 1105, Time: 00:02:02

Health: -3/49      AC:  7    Str: 23    XL:     6   Next: 4%
Magic:  6/6        EV:  9    Int:  7    God:
Gold:   62         SH:  5    Dex: 13    Spells: 5/5 levels left

rFire   . . .        a - +0 war axe (chaos)
rCold   . . .        c - +0 buckler
rNeg    . . .        b - +0 scale mail
rPois   .            (helmet unavailable)
rElec   .            (no cloak)
rCorr   .            (no gloves)
SInv    +            (no boots)
Will    .....        (no amulet) Stlth
                     (no ring)
HPRegen 0.28/turn    (no ring)
MPRegen 0.10/turn

%: no passive effects
@: lethally poisoned (-3 -> -25)
A: permanent stasis, dig shafts and tunnels, antennae 3, four strong arms
a: Dig, Shaft Self


You were on level 2 of the Dungeon.
You visited 1 branch of the dungeon, and saw 2 of its levels.

You collected 62 gold pieces.

Inventory:

Hand Weapons
 a - a +0 war axe of chaos (weapon)
 d - a +0 long sword
Armour
 b - a +0 scale mail (worn)
 c - a +0 buckler (worn)
Jewellery
 g - a ring of protection from cold
Scrolls
 f - a scroll of amnesia
 h - a scroll of fear {unknown}
Potions
 i - 2 potions of heal wounds {unknown}
 j - a potion of magic {unknown}


   Skills:
 + Level 4.4 Fighting
 - Level 3.3 Axes
 + Level 4.4 Armour
 + Level 5.3 Shields


You had 5 spell levels left.
You didn't know any spells.
Your spell library was empty.

Dungeon Overview and Level Annotations

Branches:
Dungeon (2/15)

Altars:


Innate Abilities, Weirdness & Mutations

You cannot be hasted, slowed, berserked, paralysed or teleported.
You can dig through walls and to a lower floor.
You have a pair of large antennae on your head. (SInv)
Your four strong arms can wield two-handed weapons with a shield.


Message History

The hornet is moderately wounded.
The hornet barely misses you. The hornet completely misses you.
A hornet is nearby!
You hit the hornet.
The hornet goes berserk!
The hornet is moderately wounded.
The hornet stings you but does no damage.
You block the hornet's attack. The hornet stings you.
Your stasis prevents you from being slowed.
You hit the hornet but do no damage.
The hornet seems to grow stronger.
The hornet is moderately wounded.
The hornet stings you.
You are poisoned.
Your stasis prevents you from being slowed.
The hornet stings you.
Your stasis prevents you from being slowed.
The hornet closely misses you.
You closely miss the hornet.
The hornet is moderately wounded.
You feel very sick. The hornet stings you!
Your stasis prevents you from being slowed.
The hornet stings you!
You are lethally poisoned!
Your stasis prevents you from being slowed.
The hornet barely misses you.
You closely miss the hornet.
The hornet is moderately wounded.
* * * LOW HITPOINT WARNING * * *
You feel very sick. The hornet stings you.
* * * LOW HITPOINT WARNING * * *
You are more poisoned.
Your stasis prevents you from being slowed.
The hornet stings you!
* * * LOW HITPOINT WARNING * * *
Your stasis prevents you from being slowed.
The hornet barely misses you.
You barely miss the hornet.
The hornet is moderately wounded.
You die...

#.#### #.#..
#.#.########
#.>.........
###........#.
.........#...
###..###.#.#.### ### #
#.)###.#.#...###...# #
#......#.##...@y...# #
#.###..†..............
# ###
#..#.#........##.#
###.....(..#.########
..#.####..##.# #.#.#
#..<..# #.#.## #..####
.....# #..###
###.)###....#


You could see a hornet shaped shifter (berserk, strong).

Vanquished Creatures
  Sigmund (D:2)
  A worm (D:2)
  2 dart slugs (D:1)
  A ball python (D:1)
  2 endoplasms (D:1)
  A giant cockroach (D:2)
  3 goblins
  6 hobgoblins
  A kobold (D:2)
  3 bats
  2 rats (D:1)
23 creatures vanquished.

Notes
Turn   | Place    | Note
-------+----------+-------------------------------------------
     0 | D:1      | lonewolfV2 the Formicid Fighter began the quest for the
                  | Orb.
     0 | D:1      | Reached XP level 1. HP: 18/18 MP: 1/1
   117 | D:1      | Reached XP level 2. HP: 24/24 MP: 2/2
   387 | D:1      | Reached XP level 3. HP: 29/29 MP: 3/3
   868 | D:2      | Noticed Sigmund
   880 | D:2      | Killed Sigmund
   881 | D:2      | Reached skill level 5 in Shields
   881 | D:2      | Reached XP level 4. HP: 17/38 MP: 4/4
   881 | D:2      | Reached XP level 5. HP: 19/43 MP: 5/5
   881 | D:2      | Reached XP level 6. HP: 21/49 MP: 6/6
  1099 | D:2      | a dart slug changed into a shapeshifter
  1099 | D:2      | Noticed a shapeshifter (shapeshifter)
  1099 | D:2      | a shapeshifter changed into a hornet
  1099 | D:2      | Noticed a hornet (shapeshifter)
  1105 | D:2      | Succumbed to a hornet's poison

Illustrated notes

Levels and vault maps discovered:
D:1:      dpeg_arrival_signposts, layout_loops_ring
D:2:      layout_basic, uniq_sigmund

Skill      XL: |  1  2  3 |
---------------+----------+-----
Fighting       | 4 |  4.4
Axes           | 3 |  3.3
Armour         | 4 |  4.4
Shields        | 5 |  5.3

Action                     |  1- 3 |  4- 6 || total
---------------------------+-------+-------++-------
  Melee: War axe           |    53 |    12 ||    65
    Use: Scroll            |     5 |       ||     5
         Potion            |     1 |       ||     1
 Armour: Scale mail        |    19 |     3 ||    22
  Dodge: Dodged            |    29 |     7 ||    36
  Block: Buckler           |    15 |     6 ||    21
